PCL
REDWOOD CITY REDWOODS @ SANTA MONICA BRUINS
04/06/2027
 
TOP OF THE 1ST
Redwood City Redwoods batting - Pitching for Santa Monica Bruins : LHP Takao Uchida
Pitching: LHP Takao Uchida
Batting: RHB Bob Campbell 0-0: Ball
1-0: Called Strike
1-1: Called Strike
1-2: Ball
2-2: Ball
3-2: Strikes out swinging
Batting: RHB Carlos Gonzáles 0-0: Foul Ball, location: 2F
0-1: Ball
1-1: Swinging Strike
1-2: Ball
2-2: Ball
3-2: Strikes out swinging, 2-3 out at first.
Batting: RHB Steve Sampson 0-0: Swinging Strike
0-1: Swinging Strike
0-2: Fly out, F7 (Flyball, 7)
Top of the 1st over - 0 run(s), 0 hit(s), 0 error(s), 0 left on base; Redwood City 0 - Santa Monica 0
BOTTOM OF THE 1ST
Santa Monica Bruins batting - Pitching for Redwood City Redwoods : LHP Steven England
Pitching: LHP Steven England
Batting: RHB António López 0-0: Called Strike
0-1: Fly out, F9 (Flyball, 9S)
Batting: RHB Phil White 0-0: Ball
1-0: Ground out 6-3 (Groundball, 6)
Batting: RHB Alfredo López 0-0: Foul Ball, location: 2F
0-1: Ball
1-1: Ground out 6-3 (Groundball, 6)
Bottom of the 1st over - 0 run(s), 0 hit(s), 0 error(s), 0 left on base; Redwood City 0 - Santa Monica 0
TOP OF THE 2ND
Redwood City Redwoods batting - Pitching for Santa Monica Bruins : LHP Takao Uchida
Batting: LHB Arthur Hall 0-0: SINGLE (Line Drive, 6)
Batting: LHB Paul Alexander 0-0: Ground out 6-3 (Groundball, 6S)
Arthur Hall to second
Batting: LHB Jon Graves 0-0: SINGLE (Flyball, 7S)
Arthur Hall to third
Batting: SHB José López 0-0: Fly out, F8 (Flyball, 8LS)
Runner from 3rd tags up, SCORES, no throw
Batting: RHB Fu Tse 0-0: Swinging Strike
0-1: Ball
1-1: Ball
2-1: Swinging Strike
2-2: Ball
3-2: Base on Balls
Jon Graves to second
Batting: RHB Jesús Cuevas 0-0: Fielders Choice at 2nd, 5-4 (Groundball, 5L)
Top of the 2nd over - 1 run(s), 2 hit(s), 0 error(s), 1 left on base; Redwood City 1 - Santa Monica 0
BOTTOM OF THE 2ND
Santa Monica Bruins batting - Pitching for Redwood City Redwoods : LHP Steven England
Batting: RHB Luis Martínez 0-0: Ball
1-0: SOLO HOME RUN (Flyball, 78XD), Distance : 405 ft
Batting: RHB Griswold Coleman 0-0: Ball
1-0: SINGLE (Groundball, 4MD)
Batting: LHB Jeffrey Satterley 0-0: Ball
1-0: Foul Ball, location: 2F
1-1: Swinging Strike
Error on foul ball, E9
1-2: Strikes out swinging
Batting: SHB Adrián Nieto 0-0: Called Strike
0-1: Foul Ball, location: 2F
0-2: Foul Ball, location: 2F
0-2: Ball
1-2: Ball
2-2: DOUBLE (Line Drive, 9)
Griswold Coleman to third
Batting: LHB Ray Bryant 0-0: Swinging Strike
0-1: Ground out 4-3 (Groundball, 34)
Griswold Coleman scores
Adrián Nieto to third
Batting: SHB Chris Woods 0-0: Ball
1-0: Foul Ball, location: 2F
1-1: Fly out, F7 (Flyball, 7LSF)
Bottom of the 2nd over - 2 run(s), 3 hit(s), 1 error(s), 1 left on base; Redwood City 1 - Santa Monica 2
TOP OF THE 3RD
Redwood City Redwoods batting - Pitching for Santa Monica Bruins : LHP Takao Uchida
Batting: RHB Bob Campbell 0-0: Foul Ball, location: 2F
0-1: Ball
1-1: Swinging Strike
1-2: Strikes out swinging
Batting: RHB Carlos Gonzáles 0-0: Ball
1-0: Called Strike
1-1: Ground out 4-3 (Groundball, 4)
Batting: RHB Steve Sampson 0-0: Ground out 6-3 (Groundball, 6M)
Top of the 3rd over - 0 run(s), 0 hit(s), 0 error(s), 0 left on base; Redwood City 1 - Santa Monica 2
BOTTOM OF THE 3RD
Santa Monica Bruins batting - Pitching for Redwood City Redwoods : LHP Steven England
Batting: RHB António López 0-0: Called Strike
0-1: Foul Ball, location: 2F
0-2: Ball
1-2: Ball
2-2: Foul Ball, location: 2F
2-2: Foul Ball, location: 2F
2-2: Foul Ball, location: 2F
2-2: Strikes out swinging
Batting: RHB Phil White 0-0: Called Strike
0-1: DOUBLE (Line Drive, 78XD)
Batting: RHB Alfredo López 0-0: Ball
Phil White steals 3rd base
1-0: DOUBLE (Line Drive, 78XD)
Phil White scores
Batting: RHB Luis Martínez 0-0: Swinging Strike
0-1: Foul Ball, location: 2F
0-2: Ball
1-2: 2-RUN HOME RUN (Flyball, 7LD), Distance : 354 ft
Batting: RHB Griswold Coleman 0-0: Ball
1-0: Called Strike
1-1: Fly out, F8 (Flyball, 8RD)
Batting: LHB Jeffrey Satterley 0-0: Called Strike
0-1: Ball
1-1: Swinging Strike
1-2: Ball
2-2: Strikes out swinging, 2-3 out at first.
Bottom of the 3rd over - 3 run(s), 3 hit(s), 0 error(s), 0 left on base; Redwood City 1 - Santa Monica 5
TOP OF THE 4TH
Redwood City Redwoods batting - Pitching for Santa Monica Bruins : LHP Takao Uchida
Batting: LHB Arthur Hall 0-0: Ball
1-0: Called Strike
1-1: Called Strike
1-2: Fly out, F8 (Flyball, 8RS)
Batting: LHB Paul Alexander 0-0: Ground out 3-1 (Groundball, 34)
Batting: LHB Jon Graves 0-0: Ball
1-0: Ball
2-0: TRIPLE (Flyball, 8LXD)
Batting: SHB José López 0-0: SINGLE (Groundball, 34D)
Jon Graves scores
Batting: RHB Fu Tse 0-0: Ball
1-0: Fly out, F9 (Flyball, 89S)
Top of the 4th over - 1 run(s), 2 hit(s), 0 error(s), 1 left on base; Redwood City 2 - Santa Monica 5
BOTTOM OF THE 4TH
Santa Monica Bruins batting - Pitching for Redwood City Redwoods : LHP Steven England
Batting: SHB Adrián Nieto 0-0: SINGLE (Line Drive, 3D)
Batting: LHB Ray Bryant 0-0: Ball
1-0: Called Strike
1-1: Foul Ball, location: 2F
1-2: Ball
2-2: Strikes out swinging
Batting: SHB Chris Woods 0-0: Foul Ball, location: 2F
0-1: Ball
1-1: Foul Ball, location: 2F
1-2: Ball
2-2: Grounds into double play, 1-6-3 (Groundball, P)
Bottom of the 4th over - 0 run(s), 1 hit(s), 0 error(s), 0 left on base; Redwood City 2 - Santa Monica 5
TOP OF THE 5TH
Redwood City Redwoods batting - Pitching for Santa Monica Bruins : LHP Takao Uchida
Batting: RHB Jesús Cuevas 0-0: Ball
1-0: Ball
2-0: Called Strike
2-1: Ground out 4-3 (Groundball, 4S)
Batting: RHB Bob Campbell 0-0: Foul Ball, location: 2F
0-1: Ball
1-1: Foul Ball, location: 2F
1-2: Foul Ball, location: 2F
1-2: Ball
2-2: Fly out, F9 (Flyball, 89S)
Batting: RHB Carlos Gonzáles 0-0: Ball
1-0: Called Strike
1-1: Fly out, F8 (Flyball, 8RM)
Top of the 5th over - 0 run(s), 0 hit(s), 0 error(s), 0 left on base; Redwood City 2 - Santa Monica 5
BOTTOM OF THE 5TH
Santa Monica Bruins batting - Pitching for Redwood City Redwoods : LHP Steven England
Batting: RHB António López 0-0: Swinging Strike
0-1: Ball
1-1: Foul Ball, location: 2F
1-2: Ball
2-2: Ball
3-2: Strikes out swinging
Batting: RHB Phil White 0-0: Called Strike
0-1: DOUBLE (Line Drive, 7LS)
Batting: RHB Alfredo López 0-0: 2-RUN HOME RUN (Flyball, 7D), Distance : 346 ft
Pitching: LHP Haywood Brown
Batting: RHB Luis Martínez 0-0: Swinging Strike
0-1: Ball
1-1: Called Strike
1-2: Ball
2-2: Strikes out swinging
Batting: RHB Griswold Coleman 0-0: Ground out 1-3 (Groundball, P)
Bottom of the 5th over - 2 run(s), 2 hit(s), 0 error(s), 0 left on base; Redwood City 2 - Santa Monica 7
TOP OF THE 6TH
Redwood City Redwoods batting - Pitching for Santa Monica Bruins : LHP Takao Uchida
Batting: RHB Steve Sampson 0-0: Ball
1-0: Ball
2-0: Called Strike
2-1: Ball
3-1: Base on Balls
Batting: LHB Arthur Hall 0-0: Called Strike
0-1: Ball
1-1: Fly out, F3 (Line Drive, 34)
Batting: LHB Paul Alexander 0-0: Ball
1-0: Grounds into double play, 4-6-3 (Groundball, 4)
Top of the 6th over - 0 run(s), 0 hit(s), 0 error(s), 0 left on base; Redwood City 2 - Santa Monica 7
BOTTOM OF THE 6TH
Santa Monica Bruins batting - Pitching for Redwood City Redwoods : LHP Haywood Brown
Batting: LHB Jeffrey Satterley 0-0: Called Strike
0-1: Ball
1-1: Called Strike
1-2: Ball
2-2: Ball
3-2: Fly out, F7 (Flyball, 7LM)
Batting: SHB Adrián Nieto 0-0: Ball
1-0: Ground out 1-3 (Groundball, 13)
Batting: LHB Ray Bryant 0-0: Ball
1-0: Swinging Strike
1-1: Ball
2-1: Foul Ball, location: 2F
2-2: Strikes out swinging
Bottom of the 6th over - 0 run(s), 0 hit(s), 0 error(s), 0 left on base; Redwood City 2 - Santa Monica 7
TOP OF THE 7TH
Redwood City Redwoods batting - Pitching for Santa Monica Bruins : LHP Takao Uchida
Now at SS: Felipe Cruz
Batting: LHB Jon Graves 0-0: Ball
1-0: Swinging Strike
1-1: Ball
2-1: Ground out 6-3 (Groundball, 6S)
Batting: SHB José López 0-0: Ball
1-0: Called Strike
1-1: Ball
2-1: Fly out, F6 (Popup, 6)
Batting: RHB Fu Tse 0-0: Called Strike
0-1: Ball
1-1: Ball
2-1: Swinging Strike
2-2: Foul Ball, location: 2F
2-2: Strikes out looking
Top of the 7th over - 0 run(s), 0 hit(s), 0 error(s), 0 left on base; Redwood City 2 - Santa Monica 7
BOTTOM OF THE 7TH
Santa Monica Bruins batting - Pitching for Redwood City Redwoods : LHP Haywood Brown
Batting: SHB Chris Woods 0-0: Ball
1-0: Foul Ball, location: 2F
1-1: Ball
2-1: SINGLE (Groundball, 4MD)
Batting: RHB António López 0-0: Called Strike
0-1: Ball
1-1: Ball
2-1: Swinging Strike
2-2: Fly out, F4 (Popup, 34)
Batting: RHB Phil White 0-0: Ball
1-0: Swinging Strike
1-1: Ball
2-1: Ball
3-1: Foul Ball, location: 2F
3-2: Foul Ball, location: 2F
3-2: Strikes out swinging
Batting: RHB Alfredo López 0-0: Swinging Strike
0-1: Ball
1-1: Foul Ball, location: 2F
1-2: Foul Ball, location: 2F
1-2: Fly out, F7 (Line Drive, 7S)
Bottom of the 7th over - 0 run(s), 1 hit(s), 0 error(s), 1 left on base; Redwood City 2 - Santa Monica 7
TOP OF THE 8TH
Redwood City Redwoods batting - Pitching for Santa Monica Bruins : LHP Takao Uchida
Now at 3B: Fletcher Reed
Now in LF: Francisco Castillo
Batting: RHB Jesús Cuevas 0-0: Called Strike
0-1: Ball
1-1: Called Strike
1-2: SINGLE (Line Drive, 89S)
Batting: RHB Bob Campbell 0-0: Called Strike
0-1: Swinging Strike
0-2: Ball
1-2: Strikes out swinging
Batting: RHB Carlos Gonzáles 0-0: Ball
1-0: Called Strike
1-1: Swinging Strike
1-2: Ball
2-2: Ball
3-2: Ground out 5-3 (Groundball, 5S)
Jesús Cuevas to second
Batting: RHB Steve Sampson 0-0: Called Strike
0-1: Fly out, F8 (Flyball, 78D)
Top of the 8th over - 0 run(s), 1 hit(s), 0 error(s), 1 left on base; Redwood City 2 - Santa Monica 7
BOTTOM OF THE 8TH
Santa Monica Bruins batting - Pitching for Redwood City Redwoods : LHP Haywood Brown
Batting: RHB Luis Martínez 0-0: Ball
1-0: Foul Ball, location: 2F
1-1: Ball
2-1: Swinging Strike
2-2: Ball
3-2: SINGLE (Flyball, 8LS)
Batting: RHB Griswold Coleman 0-0: Called Strike
0-1: Ball
1-1: Ball
2-1: Foul Ball, location: 2F
2-2: Ball
3-2: Foul Ball, location: 2F
3-2: Base on Balls
Luis Martínez to second
Pitching: LHP José Acosta
Batting: LHB Jeffrey Satterley 0-0: Bunted foul
0-1: Bunted foul
0-2: Ball
1-2: Foul Ball, location: 2F
1-2: Foul Ball, location: 2F
1-2: Ball
2-2: Ball
3-2: Base on Balls
Luis Martínez to third
Griswold Coleman to second
Batting: LHB Felipe Cruz 0-0: Foul Ball, location: 2F
0-1: Ball
1-1: Swinging Strike
1-2: Ball
2-2: Foul Ball, location: 2F
2-2: Ball
3-2: Foul Ball, location: 2F
3-2: Grounds into double play, 1-2-3 (Groundball, 13S)
Griswold Coleman to third
Jeffrey Satterley to second
Batting: LHB Ray Bryant 0-0: Called Strike
0-1: Ball
1-1: Called Strike
1-2: Strikes out swinging
Bottom of the 8th over - 0 run(s), 1 hit(s), 0 error(s), 2 left on base; Redwood City 2 - Santa Monica 7
TOP OF THE 9TH
Redwood City Redwoods batting - Pitching for Santa Monica Bruins : LHP Takao Uchida
Pitching: RHP Doug Singleton
Batting: LHB Arthur Hall 0-0: Foul Ball, location: 2F
0-1: Ball
1-1: Ball
2-1: Swinging Strike
2-2: Fly out, F8 (Flyball, 8LM)
Batting: LHB Paul Alexander 0-0: Ball
1-0: Ground out 1-3 (Groundball, 13S)
Batting: LHB Jon Graves 0-0: Ball
1-0: Called Strike
1-1: Swinging Strike
1-2: Ball
2-2: Strikes out swinging
Top of the 9th over - 0 run(s), 0 hit(s), 0 error(s), 0 left on base; Redwood City 2 - Santa Monica 7
Thursday, March 30th, 2017 - OOTP Baseball 17.12 Build 75